 Dungeon Crawl Stone Soup version 0.20.1-1-g8b1a95d (webtiles) character file.

17784 Irenicus the Pandemonic (level 12, 0/123 HPs)
             Began as a Deep Dwarf Transmuter on Oct 20, 2017.
             Was a High Priest of Makhleb.
             Killed from afar by Baril's ghost (39 damage)
             ... with a bolt of fire
             ... in an ice cave.
             The game lasted 00:50:41 (8716 turns).

Irenicus the Pandemonic (Deep Dwarf Transmuter)     Turns: 8716, Time: 00:50:42

Health: 0/123      AC:  6    Str: 14    XL:     12   Next: 21%
Magic:  11/13      EV: 17    Int: 15    God:    Makhleb [*****.]
Gold:   321        SH:  0    Dex: 17    Spells: 11/21 levels left

rFire    x . .     SeeInvis +     - Unarmed
rCold    + + +     Gourm    .   (shield currently unavailable)
rNeg     + . .     Faith    .   (armour currently unavailable)
rPois    +         Spirit   .   (helmet currently unavailable)
rElec    .         Reflect  .   (cloak currently unavailable)
rCorr    .         Harm     .   (gloves currently unavailable)
MR       +....                  (boots currently unavailable)
Stlth    ++........             (no amulet)
Regen    0.0/turn               e - ring of positive energy
MPRegen  0.2/turn               T - ring of see invisible

@: ice-form, non-regenerating
A: damage resistance, heal wounds, low mp 1, sense surroundings 2, no
regeneration
a: Heal Wounds, End Transformation, Minor Destruction, Lesser Servant of
Makhleb, Major Destruction, Greater Servant of Makhleb, Renounce Religion


You were in an ice cave.
You worshipped Makhleb.
Makhleb was extremely pleased with you.
You were very hungry.
You were a creature of crystalline ice.
You visited 1 branch of the dungeon, and saw 12 of its levels.
You also visited: Ice Cave.

You collected 646 gold pieces.
You spent 325 gold pieces at shops.

Inventory:

Hand Weapons
 X - the +5 mace of Idydgh {antimagic, *Corrode +Fly Int+9 SInv, unknown}
   (You took it off a crimson imp on level 12 of the Dungeon)

   It reduces the magical energy of the wielder, and disrupts the spells and
   magical abilities of those hit.
   Natural abilities and divine invocations are not affected.
   It affects your intelligence (+9).
   It lets you see invisible.
   It lets you fly.
   It may corrode you when you take damage.
Missiles
 a - 67 arrows
Armour
 b - a +0 robe
 f - a +0 cloak (melded)
 k - a +0 buckler
 q - a +1 pair of boots (melded)
 t - a +0 pair of gloves (melded)
 w - a +0 helmet (melded)
 K - a +0 troll leather armour (melded)
Magical Staves
 m - an uncursed staff of summoning
Jewellery
 e - a ring of positive energy (left front paw)
 C - an uncursed ring of magical power
 F - an uncursed ring of protection from magic
 G - an uncursed ring of flight
 H - an uncursed amulet of faith
 T - a ring of see invisible (right front paw)
Wands
 h - a wand of acid (8/15)
 n - a wand of flame (21/48)
 D - a wand of polymorph (14/24)
 P - a wand of flame (15/48)
 V - a wand of flame (23/48)
Scrolls
 g - a scroll of fear
 j - 10 scrolls of identify
 l - a scroll of blinking
 o - 7 scrolls of remove curse
 p - a scroll of enchant armour
 u - a scroll of magic mapping
 v - 3 scrolls of enchant weapon
 z - a scroll of amnesia
 A - 2 scrolls of fog {unknown}
 I - 2 scrolls of recharging {unknown}
 M - 3 scrolls of teleportation
 N - a scroll of vulnerability {unknown}
 Q - a scroll of immolation {unknown}
 R - a scroll of torment {unknown}
Potions
 r - a potion of might
 s - 5 potions of curing
 x - 2 potions of cancellation
 B - 2 potions of haste
 J - a potion of agility
Books
 c - a book of Changes

   Spells                             Type                      Level
   a - Beastly Appendage              Transmutation                1
   b - Sticks to Snakes               Transmutation                2
   c - Spider Form                    Transmutation/Poison         3
   d - Ice Form                       Ice/Transmutation            4
   e - Blade Hands                    Transmutation                5
 y - a book of Frost

   Spells                             Type                      Level
   a - Freeze                         Ice                          1
   b - Throw Frost                    Conjuration/Ice              2
   c - Ozocubu's Armour               Charms/Ice                   3
   d - Throw Icicle                   Conjuration/Ice              4
   e - Summon Ice Beast               Ice/Summoning                4
 E - a book of Conjurations

   Spells                             Type                      Level
   a - Magic Dart                     Conjuration                  1
   b - Searing Ray                    Conjuration                  2
   c - Dazzling Spray                 Conjuration/Hexes            3
   d - Fulminant Prism                Conjuration/Hexes            4
   e - Force Lance                    Conjuration/Translocation    4
   f - Iskenderun's Mystic Blast      Conjuration                  4
 L - a book of Maledictions

   Spells                             Type                      Level
   a - Corona                         Hexes                        1
   b - Ensorcelled Hibernation        Hexes/Ice                    2
   c - Confuse                        Hexes                        3
   d - Tukima's Dance                 Hexes                        3
   e - Dazzling Spray                 Conjuration/Hexes            3
Comestibles
 d - 9 bread rations
 i - 5 meat rations
 O - 7 fruits
 S - 4 chunks of flesh
 U - 2 royal jellies


   Skills:
 - Level 5.0 Fighting
 - Level 10.0 Dodging
 - Level 1.0 Stealth
 - Level 10.0 Unarmed Combat
 - Level 5.0 Spellcasting
 - Level 8.0 Transmutations
 + Level 2.1 Ice Magic
 - Level 2.1 Poison Magic
 - Level 11.1 Invocations
 - Level 1.0 Evocations


You had 11 spell levels left.
You knew the following spells:

 Your Spells              Type           Power        Failure   Level  Hunger
a - Beastly Appendage     Tmut           ####..       1%          1    None
b - Sticks to Snakes      Tmut           ####....     1%          2    ##.....
c - Ice Form              Ice/Tmut       ###.....     21%         4    ####...
e - Spider Form           Tmut/Pois      ###.......   6%          3    ###....


Dungeon Overview and Level Annotations

Branches:
Dungeon (12/15)            Temple (0/1) D:6            Lair (0/6) D:11
    Orc (0/2) D:11

Altars:
Cheibriados
Elyvilon
Fedhas
Gozag
Makhleb
Sif Muna
Trog
Uskayaw
Xom
Yredelemnul
The Shining One
Lugonu

Shops:
D:6 *   D:12 :!

Annotations:
IceCv exclusion: ice statue, Baril's ghost, adept GrEE


Innate Abilities, Weirdness & Mutations

You are resistant to damage.
You can heal yourself by infusing magical energy.
You passively map the area around you.
You do not regenerate.
((Your flesh is cold resistant. (rC+)))
((Your flesh is heat resistant. (rF+)))
Your magical capacity is low. (-10% MP)


Message History

Baril's ghost casts a spell at you. The bolt of fire misses you.
You barely miss Baril's ghost.
Baril's ghost is lightly damaged.
You punch Baril's ghost! You freeze Baril's ghost.
Baril's ghost is moderately damaged.
Baril's ghost gestures at you while chanting.
The bolt of fire hits you! The fire burns you terribly!
* * * LOW HITPOINT WARNING * * *
Okay, then.
You feel much better. Baril's ghost hits you!
* * * LOW HITPOINT WARNING * * *
Baril's ghost melts you!
* * * LOW HITPOINT WARNING * * *
You fail to use your ability.
Baril's ghost closely misses you.
Your magical essence is drained by the effort!
You feel much better.
Baril's ghost gestures at you while chanting.
The bolt of fire hits you! The fire burns you terribly!
You die...

, ,,, *
*#..## ,,
*##..## ,
, , , **
*##..# *
, ≈
##...# ,
* ,≈
≈##...##
, *
#...## ,
* ,, ≈
#...## *
≈ ##.W.#
≈ *≈
##.Y.## ,
≈
##.....##
,* *≈
#...∩...#
* *
#.......#
, , ≈
##..∩..##
* , *≈ ≈
##...## *
* * *
##### *


You could see Baril's ghost.

Vanquished Creatures
  Erolcha (D:10)
  A catoblepas (D:9)
  3 two-headed ogres
  The ghost of empire the Fighter, a novice MiFi of Nemelex Xobeh (D:7)
  The ghost of bartek7090 the Chopper, a novice GrBe of Trog (D:5)
  Pikel (D:5)
  An ice statue (IceCv)
  Joseph (D:8)
  A gargoyle (D:11)
  2 centaur skeletons
  3 kobold demonologists (D:10)
  A troll (D:8)
  The ghost of CalmDownMonkey the Poker, an amateur MfSk of Yredelemnul (D:4)
  Grinder (D:4)
  2 hippogriffs
  3 wyverns
  A vampire (D:11)
  A wraith (D:11)
  9 yaks
  Eustachio (D:5)
  A steam dragon (D:10)
  2 hungry ghosts
  A water moccasin (D:10)
  An acid dragon (D:11)
  5 orc warriors
  2 phantoms
  8 ice beasts (D:12)
  2 black bears
  A necrophage (D:8)
  5 ogres
  3 sky beasts
  10 centaurs
  2 big kobolds
  Blork the orc (D:4)
  5 bullfrogs
  A wyvern zombie (D:11)
  5 scorpions
  5 wights (D:6)
  4 crimson imps
  2 bullfrog zombies
  A jelly (D:8)
  A quasit (D:9)
  5 hounds
  4 orc priests (D:11)
  A bullfrog skeleton (D:4)
  Crazy Yiuf (D:7)
  An iguana (D:12)
  Terence (D:1)
  6 orc wizards
  5 worker ants
  2 killer bee zombies
  A hound skeleton (D:8)
  A worker ant zombie (D:8)
  11 gnolls
  8 adders
  3 shadow imps
  5 white imps (IceCv)
  4 ufetubi (IceCv)
  An ooze (D:1)
  An adder zombie (D:9)
  A worm (D:2)
  3 leopard geckos
  45 orcs
  4 giant cockroaches
  9 hobgoblins
  15 jackals
  2 quokkas
  2 ball pythons (D:1)
  6 bats
  8 frilled lizards
  12 goblins
  A jackal skeleton (D:4)
  15 kobolds
  A quokka zombie (D:8)
  7 rats
296 creatures vanquished.

Vanquished Creatures (collateral kills)
  A two-headed ogre (D:12)
  A manticore (D:12)
  An ugly thing (D:12)
  A troll (D:12)
  A basilisk (D:12)
  An acid dragon (D:12)
  An eye of draining (D:12)
  A hornet zombie (D:12)
  A necrophage (D:12)
  A crimson imp (D:12)
  A centaur skeleton (D:12)
  A leopard gecko (D:8)
12 creatures vanquished.

Vanquished Creatures (others)
  4 slaves (D:5)
  A worker ant (D:5)
  A white imp (IceCv)
  2 ufetubi (IceCv)
  A demonic plant (D:10)
  7 plants
16 creatures vanquished.

Grand Total: 324 creatures vanquished

Notes
Turn   | Place    | Note
-------+----------+-------------------------------------------
     0 | D:1      | Irenicus the Deep Dwarf Transmuter began the quest for the Orb.
     0 | D:1      | Reached XP level 1. HP: 16/16 MP: 3/3
   193 | D:1      | Reached XP level 2. HP: 24/24 MP: 2/4
   664 | D:2      | Noticed Terence
   698 | D:1      | Gained mutation: Scrolls take you a little longer to read. [potion of mutation]
   698 | D:1      | Gained mutation: You are frail. (-10% HP) [potion of mutation]
   698 | D:1      | Gained mutation: You are resistant to hostile enchantments. (MR+) [potion of mutation]
   733 | D:1      | Killed Terence
   733 | D:1      | Reached skill level 1 in Fighting
   733 | D:1      | Reached XP level 3. HP: 16/27 MP: 2/4
   799 | D:2      | Lost mutation: Scrolls take you a little longer to read. [potion of mutation]
   799 | D:2      | Lost mutation: You are resistant to hostile enchantments. (MR+) [potion of mutation]
   799 | D:2      | Lost mutation: You are frail. (-10% HP) [potion of mutation]
   799 | D:2      | Gained mutation: Your flesh is heat resistant. (rF+) [potion of mutation]
   799 | D:2      | Gained mutation: Your magical capacity is low. (-10% MP) [potion of mutation]
   799 | D:2      | Gained mutation: Your flesh is cold resistant. (rC+) [potion of mutation]
   953 | D:2      | Found a burning altar of Makhleb.
   954 | D:2      | Found a shimmering altar of Xom.
   958 | D:2      | Became a worshipper of Makhleb the Destroyer
  1023 | D:2      | Found a white marble altar of Elyvilon.
  1082 | D:2      | Found a basalt altar of Yredelemnul.
  1143 | D:2      | Reached skill level 1 in Stealth
  1157 | D:2      | Reached XP level 4. HP: 18/38 MP: 3/4
  1744 | D:3      | Reached * piety under Makhleb
  1794 | D:3      | Learned a level 3 spell: Spider Form
  2180 | D:3      | Reached XP level 5. HP: 8/44 MP: 4/6
  2392 | D:4      | Noticed Blork the orc
  2445 | D:4      | Noticed CalmDownMonkey's ghost (amateur MfSk)
  2487 | D:4      | Reached skill level 5 in Unarmed Combat
  2510 | D:4      | Killed Blork the orc
  2595 | D:4      | Reached XP level 6. HP: 30/51 MP: 3/7
  2717 | D:4      | Reached skill level 1 in Poison Magic
  2880 | D:4      | Found a deep blue altar of Sif Muna.
  2919 | D:4      | Noticed Grinder
  2927 | D:4      | Paralysed by Grinder for 5 turns
  2935 | D:4      | Killed Grinder
  2935 | D:4      | Reached XP level 7. HP: 38/57 MP: 2/8
  2999 | D:5      | Entered Level 5 of the Dungeon
  3077 | D:5      | Noticed Pikel
  3099 | D:5      | Killed Pikel
  3099 | D:5      | Reached XP level 8. HP: 61/64 MP: 1/9
  3142 | D:5      | Noticed Eustachio
  3167 | D:5      | Killed Eustachio
  3307 | D:5      | Noticed bartek7090's ghost (novice GrBe)
  3326 | D:6      | Reached skill level 1 in Invocations
  3370 | D:6      | Reached skill level 3 in Invocations
  3455 | D:6      | Found a blossoming altar of Fedhas.
  3476 | D:6      | Reached ** piety under Makhleb
  3494 | D:6      | Found an opulent altar of Gozag.
  3501 | D:6      | Learned a level 2 spell: Sticks to Snakes
  3599 | D:6      | Reached skill level 4 in Invocations
  3599 | D:6      | Reached skill level 1 in Evocations
  3623 | D:6      | Found Okiagah's Assorted Antiques.
  3688 | D:6      | Reached skill level 5 in Invocations
  3754 | D:6      | Found a staircase to the Ecumenical Temple.
  3801 | D:6      | Bought a steel ring for 130 gold pieces
  3802 | D:6      | Bought a bronze ring for 130 gold pieces
  3920 | D:7      | Noticed empire's ghost (novice MiFi)
  3968 | D:6      | Reached skill level 6 in Invocations
  4193 | D:7      | Gained mutation: You passively map the area around you. [Deep Dwarf growth]
  4193 | D:7      | Reached XP level 9. HP: 46/70 MP: 11/11
  4281 | D:7      | Found a runed door.
  4286 | D:7      | Noticed Crazy Yiuf
  4296 | D:7      | Killed Crazy Yiuf
  4296 | D:7      | Reached skill level 5 in Dodging
  4444 | D:8      | Noticed a two-headed ogre
  4451 | D:8      | Killed a two-headed ogre
  4481 | D:8      | Noticed Joseph
  4502 | D:8      | Killed Joseph
  4588 | D:8      | Found a blossoming altar of Fedhas.
  4645 | D:8      | Noticed a troll
  4655 | D:8      | Killed a troll
  4661 | D:8      | Reached skill level 7 in Invocations
  4665 | D:8      | Reached *** piety under Makhleb
  4934 | D:9      | Reached XP level 10. HP: 58/82 MP: 9/12
  4952 | D:9      | Noticed a two-headed ogre
  4973 | D:9      | Killed a two-headed ogre
  4973 | D:9      | Reached skill level 9 in Invocations
  5079 | D:9      | Noticed a catoblepas
  5100 | D:9      | Killed a catoblepas
  5100 | D:9      | Reached skill level 10 in Invocations
  5231 | D:9      | Reached skill level 11 in Invocations
  5562 | D:9      | Found a bloodstained altar of Trog.
  5567 | D:9      | Found a hide-covered altar of Uskayaw.
  5567 | D:9      | Found a glowing golden altar of the Shining One.
  5577 | D:9      | Found a snail-covered altar of Cheibriados.
  5791 | D:10     | Entered Level 10 of the Dungeon
  6102 | D:10     | Noticed Erolcha
  6116 | D:10     | Killed Erolcha
  6282 | D:10     | Found a corrupted altar of Lugonu.
  6300 | D:10     | Noticed a sun demon
  6320 | D:10     | Reached XP level 11. HP: 72/90 MP: 12/15
  6380 | D:10     | Noticed a two-headed ogre
  6416 | D:10     | Killed a two-headed ogre
  6802 | D:10     | Reached skill level 10 in Dodging
  6931 | D:7      | Killed empire's ghost
  7041 | D:5      | Killed bartek7090's ghost
  7279 | D:4      | Killed CalmDownMonkey's ghost
  7507 | D:11     | Found a staircase to the Orcish Mines.
  7538 | D:11     | Reached skill level 5 in Spellcasting
  7770 | D:11     | Reached **** piety under Makhleb
  7873 | D:11     | Found a staircase to the Lair.
  8201 | D:12     | Noticed a two-headed ogre
  8251 | D:12     | Found Ijuodoo's Distillery.
  8287 | D:12     | Noticed a white ugly thing
  8297 | D:12     | Killed a white ugly thing
  8310 | D:12     | Bought a potion of heal wounds for 65 gold pieces
  8327 | D:12     | HP: 3/90 [acid (12)]
  8347 | D:12     | Killed a two-headed ogre
  8347 | D:12     | Reached skill level 10 in Unarmed Combat
  8347 | D:12     | Reached XP level 12. HP: 57/97 MP: 11/14
  8355 | D:12     | Got a fine mace {antimagic}
  8454 | D:12     | Found Epteful's Book Boutique.
  8520 | D:12     | Learned a level 4 spell: Ice Form
  8533 | D:12     | Found a frozen archway.
  8612 | D:12     | Reached skill level 5 in Fighting
  8628 | D:12     | Reached skill level 1 in Ice Magic
  8629 | D:12     | Reached ***** piety under Makhleb
  8638 | IceCv    | Entered an ice cave
  8691 | IceCv    | Noticed Baril's ghost (adept GrEE)
  8716 | IceCv    | Killed from afar by Baril's ghost

Skill      XL: |  1  2  3  4  5  6  7  8  9 10 11 12 |
---------------+-------------------------------------+-----
Unarmed Combat | 3 4 5 8 10 | 10.0
Fighting       | 1 2 3 5 |  5.0
Stealth        | 1 |  1.0
Spellcasting   | 2 5 |  5.0
Transmutations | 3 4 6 7 8 |  8.0
Poison Magic   | 2 |  2.1
Invocations    | 6 7 11 | 11.1
Evocations     | 1 |  1.0
Dodging        | 4 5 8 10 | 10.0
Ice Magic      | 2 |  2.1

Action                   |  1- 3 |  4- 6 |  7- 9 | 10-12 || total
-------------------------+-------+-------+-------+-------++-------
Melee: Unarmed           |   154 |   192 |   257 |   573 ||  1176
       Kick              |     8 |       |       |       ||     8
       Headbutt          |     4 |    14 |       |       ||    18
       Punch             |     2 |     3 |     3 |       ||     8
 Cast: Beastly Appendage |    17 |    20 |       |       ||    37
       Spider Form       |       |     9 |    27 |    58 ||    94
       Sticks to Snakes  |       |       |     4 |       ||     4
       Ice Form          |       |       |       |     2 ||     2
Invok: Minor Destruction |       |       |    40 |    77 ||   117
       Lesser Servant of |       |       |       |     1 ||     1
 Abil: Heal Wounds       |     1 |     2 |     5 |     9 ||    17
  Use: Potion            |     3 |     5 |     6 |     2 ||    16
       Scroll            |       |     1 |       |     9 ||    10
 Stab: Invisible         |     3 |       |       |       ||     3
       Sleeping          |       |     2 |     2 |     4 ||     8
       Distracted        |       |     1 |       |     1 ||     2
       Petrified         |       |       |       |     5 ||     5
  Eat: Chunk             |     1 |     7 |    12 |    17 ||    37
       Fruit             |       |     1 |       |     2 ||     3
Armor: Robe              |    23 |    28 |    16 |       ||    67
       Skin              |       |     4 |    15 |    24 ||    43
       Troll leather arm |       |       |       |    14 ||    14
Dodge: Dodged            |    85 |    94 |   215 |   566 ||   960
